 Dungeon Crawl Stone Soup version 0.31-a0-986-g5e6e4ef867 (webtiles) character file.

Game seed: 5188478376073104836

681 jlumianski the Ruffian (level 7, -4/42 (53) HPs)
             Began as a Gnoll Shapeshifter on Nov 4, 2023.
             Slain by a wight
             ... wielding a +4 mace of freezing
              (5 damage)
             ... on level 5 of the Dungeon.
             The game lasted 00:19:33 (3299 turns).

jlumianski the Ruffian (Gnoll Shapeshifter)         Turns: 3299, Time: 00:19:34

HP:   -4/42 (53)    AC:  5    Str: 13 (15) XL:     7   Next: 61%
MP:   10/10         EV: 12    Int:  9      God:
Gold: 592           SH:  0    Dex: 12      Spells: 11/11 levels left

rFire   . . .        v - +9 whip of Taojeh {freeze, rPois}
rCold   . . .        (no shield)
rNeg    . . .        h - +0 ring mail
rPois   +            (helmet currently unavailable)
rElec   .            (cloak currently unavailable)
rCorr   .            (gloves currently unavailable)
SInv    .            (boots currently unavailable)
Will    .....        (no amulet)
Stlth   +            m - +4 ring of slaying
HPRegen 0.27/turn    (no ring)
MPRegen 0.12/turn

%: no passive effects
@: beast-form, heavily drained
A: beast (slay +4), fangs 1, strong nose, distributed training
a: Begin Untransformation


You were on level 5 of the Dungeon.
You were a hulking beast.
You visited 1 branch of the dungeon, and saw 5 of its levels.
You also visited: Ossuary.

You collected 592 gold pieces.

Inventory:

Hand Weapons
 j - a +0 sling
 s - a +0 long sword
 v - the +9 whip of Taojeh (weapon) {freeze, rPois}
   (You found it on level 3 of the Dungeon)

   rPois:     It protects you from poison
 w - a +1 rapier
Missiles
 e - 35 stones (quivered)
 n - 5 curare-tipped darts
 B - 4 boomerangs
Armour
 a - a +0 animal skin
 h - a +0 ring mail (worn)
 o - a +0 buckler
 p - a +0 scale mail
 z - an orb of wrath
Jewellery
 m - a +4 ring of slaying (left hand)
 u - a ring of ice
Talismans
 c - a beast talisman
 d - a flux talisman
 y - a blade talisman
Wands
 x - a wand of roots (8)
 A - a wand of charming (11)
Scrolls
 f - 3 scrolls of teleportation
 i - a scroll of poison
 r - a scroll of fear
 t - a scroll of enchant weapon
 D - a scroll of amnesia
 E - 2 scrolls of fog {unknown}
 J - 2 scrolls of enchant armour {unknown}
Potions
 b - 2 potions of lignification
 k - a potion of invisibility
 l - 4 potions of curing
 q - a potion of attraction
 C - a potion of haste
 F - a potion of brilliance
 G - a potion of degeneration
 H - 2 potions of magic
 I - a potion of mutation
 K - a potion of might


   Skills:
 + Level 3.7 Fighting
 + Level 2.6 Short Blades
 + Level 2.6 Long Blades
 + Level 2.6 Axes
 + Level 2.6 Maces & Flails
 + Level 2.6 Polearms
 + Level 2.6 Staves
 + Level 2.6 Ranged Weapons
 + Level 2.6 Throwing
 + Level 2.6 Armour
 + Level 5.3 Dodging
 + Level 2.6 Stealth
 + Level 2.6 Shields
 + Level 7.1 Unarmed Combat
 + Level 2.6 Spellcasting
 + Level 2.1 Conjurations
 + Level 2.1 Hexes
 + Level 2.1 Summonings
 + Level 2.1 Necromancy
 + Level 2.1 Translocations
 + Level 2.1 Transmutations
 + Level 2.1 Fire Magic
 + Level 2.1 Ice Magic
 + Level 2.1 Air Magic
 + Level 2.1 Earth Magic
 + Level 2.1 Poison Magic
 + Level 2.9 Invocations
 + Level 2.6 Evocations
 + Level 7.0 Shapeshifting


You had 11 spell levels left.
You didn't know any spells.
Your spell library contained the following spells:

 Spells                   Type           Power      Damage    Failure   Level
 Apportation              Tloc           10%        N/A       26%         1
 Jinxbite                 Hex            10%        N/A       38%         2
 Alistair's Intoxication  Tmut/Pois      3%         N/A       100%        5


Dungeon Overview and Level Annotations

Branches:
Dungeon (5/15)            Ossuary (visited)
 Temple: D:4-7

Altars:

Shops:
D:4 *


Innate Abilities, Weirdness & Mutations

You are a hulking beast.
Your limbs bulge with bestial killing power. (Slay +4)
You have very sharp teeth.
Your uncanny sense of smell can sniff out nearby items.
Your experience applies equally to all skills.


Message History

The wight hits you from afar with a +2 spear!
You feel drained.
The wight hits you with a +4 mace of freezing!
You feel drained. The wight freezes you. The wight hits you with a +2 spear.
Things that are here:
a +3 halberd; a +0 robe Unknown command.
The wight completely misses you. The wight attacks as it pursues you!
The wight hits you from afar with a +2 spear.
You feel drained. The wight attacks as it pursues you! The wight misses you.
The wight attacks as it pursues you!
The wight hits you with a +4 mace of freezing!
* * * LOW HITPOINT WARNING * * *
You feel drained.
* * * LOW HITPOINT WARNING * * *
The wight freezes you.
* * * LOW HITPOINT WARNING * * *
You feel much better.
The wight hits you with a +4 mace of freezing!
You feel drained. The wight freezes you. The wight attacks as it pursues you!
The wight hits you with a +4 mace of freezing.
* * * LOW HITPOINT WARNING * * *
You feel drained.
* * * LOW HITPOINT WARNING * * *
The wight freezes you.
* * * LOW HITPOINT WARNING * * *
The wight attacks as it pursues you! The wight hits you but does no damage.
You feel much better.
The wight hits you with a +4 mace of freezing!
The wight freezes you.
The wight hits you from afar with a +2 spear!
The wight hits you with a +4 mace of freezing!
* * * LOW HITPOINT WARNING * * *
You feel drained.
* * * LOW HITPOINT WARNING * * *
The wight freezes you.
You die...

∆ #.# ####### #####.#
##### #.......# #....
####.#########.###
#...z..# #...#.###
#z##.#.###...#.##.
#z##)#.#.......##.
#z#.z.............
.###h#[...#..........
#............##...#####
#..#.........##...# #
#.........######
....#.....##
.##.#.....# ..
.....##.# .. ##.##.##.#
#. .. ..#


You could see 3 wights.

Vanquished Creatures
  An ogre (D:5)
  A centaur (D:5)
  A phantom (D:3)
  2 wights (D:5)
  A hound (D:5)
  An orc wizard (D:4)
  8 mummies (Ossuary)
  4 gnolls
  An adder (D:5)
  A shadow imp (D:4)
  2 ufetubi (D:5)
  A worm (D:3)
  A dart slug (D:4)
  12 orcs
  8 endoplasms
  6 giant cockroaches
  7 goblins
  9 hobgoblins
  5 jackals
  3 kobolds
  3 quokkas
  6 ball pythons
  8 bats
  3 frilled lizards
  2 gnoll zombies (Ossuary)
  2 hobgoblin zombies (Ossuary)
  2 kobold zombies (Ossuary)
  2 orc zombies (Ossuary)
  7 rats
110 creatures vanquished.

Notes
Turn   | Place    | Note
-------+----------+-------------------------------------------
     0 | D:1      | jlumianski the Gnoll Shapeshifter began the quest for the
                  | Orb.
     0 | D:1      | Reached XP level 1. HP: 17/17 MP: 1/1
    88 | D:1      | Reached XP level 2. HP: 23/23 MP: 2/2
   616 | D:1      | Reached XP level 3. HP: 28/28 MP: 3/3
   991 | D:1      | Reached skill level 1 in Invocations
  1223 | D:3      | Identified the +9 whip of Taojeh {freeze, rPois}
  1377 | D:3      | Reached skill level 1 in Short Blades
  1377 | D:3      | Reached skill level 1 in Long Blades
  1377 | D:3      | Reached skill level 1 in Axes
  1377 | D:3      | Reached skill level 1 in Maces & Flails
  1377 | D:3      | Reached skill level 1 in Polearms
  1377 | D:3      | Reached skill level 1 in Staves
  1377 | D:3      | Reached skill level 1 in Ranged Weapons
  1377 | D:3      | Reached skill level 1 in Throwing
  1377 | D:3      | Reached skill level 1 in Armour
  1377 | D:3      | Reached skill level 1 in Stealth
  1377 | D:3      | Reached skill level 1 in Shields
  1377 | D:3      | Reached skill level 1 in Spellcasting
  1377 | D:3      | Reached skill level 1 in Evocations
  1794 | D:3      | Reached XP level 4. HP: 34/34 MP: 5/5
  1953 | D:4      | Noticed a phantom
  1953 | D:4      | Found Giugaf's Assorted Antiques.
  1967 | D:3      | Killed a phantom
  1968 | D:3      | Reached skill level 1 in Conjurations
  1968 | D:3      | Reached skill level 1 in Hexes
  1968 | D:3      | Reached skill level 1 in Summonings
  1968 | D:3      | Reached skill level 1 in Necromancy
  1968 | D:3      | Reached skill level 1 in Translocations
  1968 | D:3      | Reached skill level 1 in Transmutations
  1968 | D:3      | Reached skill level 1 in Fire Magic
  1968 | D:3      | Reached skill level 1 in Ice Magic
  1968 | D:3      | Reached skill level 1 in Air Magic
  1968 | D:3      | Reached skill level 1 in Earth Magic
  1968 | D:3      | Reached skill level 1 in Poison Magic
  1968 | D:3      | Reached XP level 5. HP: 37/41 MP: 5/7
  1991 | D:4      | Found a sand-covered staircase.
  2018 | Ossuary  | Entered an ossuary
  2092 | Ossuary  | Reached XP level 6. HP: 29/47 MP: 8/8
  2495 | D:4      | Reached skill level 5 in Dodging
  2982 | D:5      | Entered Level 5 of the Dungeon
  3101 | D:5      | Reached XP level 7. HP: 39/52 MP: 10/10
  3299 | D:5      | HP: 1/42 [wight/+4 mace of freezing (4)]
  3299 | D:5      | Slain by a wight

Illustrated notes

Levels and vault maps discovered:
D:1:      onia_arrival_mini_spirals, layout_loops_ring, minmay_close_crescents
D:2:      layout_basic
D:3:      layout_loops_cross, chequers_jeans
D:4:      layout_rooms, minmay_temple_entry_glassed_door, serial_shops,
          nicolae_stop_n_shop_2, lightli_ossuary_entry_decrepit_ruins,
          nicolae_underground_beach
D:5:      layout_loops_cross, kiku_gazebo_pond_becter, uniq_menkaure

Skill      XL: |  1  2  3  4  5  6  7 |
---------------+----------------------+-----
Invocations    | 1 2 |  2.9
Short Blades   | 1 2 |  2.6
Long Blades    | 1 2 |  2.6
Axes           | 1 2 |  2.6
Maces & Flails | 1 2 |  2.6
Polearms       | 1 2 |  2.6
Staves         | 1 2 |  2.6
Ranged Weapons | 1 2 |  2.6
Throwing       | 1 2 |  2.6
Armour         | 1 2 |  2.6
Stealth        | 1 2 |  2.6
Shields        | 1 2 |  2.6
Spellcasting   | 1 2 |  2.6
Evocations     | 1 2 |  2.6
Fighting       | 3 |  3.7
Conjurations   | 1 2 |  2.1
Hexes          | 1 2 |  2.1
Summonings     | 1 2 |  2.1
Necromancy     | 1 2 |  2.1
Translocations | 1 2 |  2.1
Transmutations | 1 2 |  2.1
Fire Magic     | 1 2 |  2.1
Ice Magic      | 1 2 |  2.1
Air Magic      | 1 2 |  2.1
Earth Magic    | 1 2 |  2.1
Poison Magic   | 1 2 |  2.1
Dodging        | 5 |  5.3
Unarmed Combat | 7 |  7.1
Shapeshifting  | 7 |  7.0

Action                     |  1- 3 |  4- 6 |  7- 9 || total
---------------------------+-------+-------+-------++-------
  Melee: Unarmed           |    60 |       |       ||    60
         Bite              |     5 |     8 |     2 ||    15
         Punch             |     1 |     1 |       ||     2
         Whip              |    15 |    98 |    12 ||   125
    Use: Scroll            |       |     7 |     1 ||     8
         Potion            |       |     6 |     3 ||     9
 Armour: Animal skin       |     9 |       |       ||     9
         Ring mail         |    26 |    53 |    25 ||   104
  Dodge: Dodged            |    53 |    55 |    23 ||   131

Table legend: (Time is in decaauts)
 A = Elapsed time spent in this place.
 B = Non-inter-level travel time spent in this place.
 C = Inter-level travel time spent in this place.
 D = Time resting spent in this place.
 E = Time spent auto-exploring this place.
 F = Levels seen in this place.
 G = Mean time per level.
                   A        B        C        D        E       F      G
               +--------+--------+--------+--------+--------+-----+--------+
         Total |   3318 |   3238 |     80 |    195 |   1302 |   6 |  553.0 |
       Dungeon |   2996 |   2916 |     80 |     65 |   1302 |   5 |  599.2 |
       Ossuary |    321 |    321 |      0 |    130 |      0 |   1 |  321.0 |
               +--------+--------+--------+--------+--------+-----+--------+

Top non-repeatable levels by time:
     D:3: 892 daAuts
     D:1: 853 daAuts
     D:2: 686 daAuts
 Ossuary: 321 daAuts
     D:4: 286 daAuts
     D:5: 277 daAuts
